 Dungeon Crawl Stone Soup version 0.18-a0-1443-ge8f1551 (webtiles) character file.

190 Tomstefer the Poker (level 5, 0/46 HPs)
             Began as a Minotaur Gladiator on Feb 29, 2016.
             Slain by Tomstefer's ghost (11 damage)
             ... on level 3 of the Dungeon.
             The game lasted 00:04:30 (2594 turns).

Tomstefer the Poker (Minotaur Gladiator)            Turns: 2594, Time: 00:04:30

Health: 0/46       AC:  9    Str: 22    XL:     5   Next: 41%
Magic:  4/4        EV:  9    Int:  5    God:
Gold:   169        SH:  0    Dex: 11    Spells: 0 memorised, 4 levels left

rFire  . . .     SeeInvis .     g - +0 blowgun
rCold  . . .     Gourm    .     e - +0 chain mail
rNeg   . . .     Faith    .     (no shield)
rPois  .         Spirit   .     c - +0 hat
rElec  .         Dismiss  .     (no cloak)
rCorr  .         Reflect  .     (no gloves)
SustAt .         Harm     .     (no boots)
MR     .....                    (no amulet)
Stlth  ..........               l - +2 ring of strength
                                (no ring)

@: not resistant to hostile enchantments, extremely unstealthy
A: retaliatory headbutt, horns 2
a: no special abilities


You were on level 3 of the Dungeon.
You were very hungry.

You visited 1 branch of the dungeon, and saw 3 of its levels.

You collected 169 gold pieces.

Inventory:

Hand Weapons
 a - a +0 trident
 g - a +0 blowgun (weapon)
Missiles
 d - 3 throwing nets
 w - 2 poisoned needles (quivered)
Armour
 c - a +0 hat (worn)
 e - a +0 chain mail (worn)
Jewellery
 k - an uncursed ring of ice
 l - a +2 ring of strength (right hand)
 v - an uncursed amulet of dismissal {unknown}
Wands
 m - a wand of confusion (32/48)
 t - a wand of iceblast (11/15)
Scrolls
 b - 2 scrolls of fog {unknown}
 i - 4 scrolls of remove curse {unknown}
 o - a scroll of amnesia {unknown}
 p - 2 scrolls of random uselessness {unknown}
 q - a scroll of fear {unknown}
 r - 5 scrolls of identify {unknown}
 s - a scroll of enchant weapon {unknown}
Potions
 j - 2 potions of curing {unknown}
 n - a potion of magic {unknown}
 u - 2 potions of brilliance {unknown}
Comestibles
 f - 5 bread rations
 h - a meat ration


   Skills:
 + Level 4.1 Fighting
 * Level 5.7 Polearms
 - Level 2.0 Throwing
 + Level 2.8 Armour
 - Level 3.2 Dodging


You had 4 spell levels left.
You didn't know any spells.

Dungeon Overview and Level Annotations

Branches:
Dungeon (3/15)

Altars:
Cheibriados
Qazlal
The Shining One

Annotations:
D:3 Tomstefer's ghost, amateur MiGl


Innate Abilities, Weirdness & Mutations

You reflexively headbutt those who attack you in melee.
You have a pair of horns on your head.


Message History

Firing (i - inventory. (,) - cycle):
w - 5 poisoned needles (quivered)
Press: ? - help, Shift-Dir - straight line, f/p - Tomstefer's ghost
Aim: Tomstefer's ghost You shoot a poisoned needle.
The poisoned needle closely misses Tomstefer's ghost.
Tomstefer's ghost hits you.
Firing (i - inventory. (,) - cycle):
w - 4 poisoned needles (quivered)
Press: ? - help, Shift-Dir - straight line, f/p - Tomstefer's ghost
Aim: Tomstefer's ghost You shoot a poisoned needle.
The poisoned needle hits Tomstefer's ghost!
Tomstefer's ghost hits you!
* * * LOW HITPOINT WARNING * * *
Firing (i - inventory. (,) - cycle):
w - 3 poisoned needles (quivered)
Press: ? - help, Shift-Dir - straight line, f/p - Tomstefer's ghost
Aim: Tomstefer's ghost You shoot a poisoned needle.
The poisoned needle hits Tomstefer's ghost!
Tomstefer's ghost hits you!
You die...

.# #)#........# #.#..#.#.....#
.######.#......#.# #.#..#.#..)).#
........#......#.# #.#..........'
.########......#.# #......#.....#
..........#.####.#####..........'
###########>....................#
#######+###.####.##..############
............# #.##..#...........
######......# #@##..#..#...#...#
...##.......# #W##..#_..........
##.##.......####.##..#..#...#...#
#.##................#...........
##'##.....<#...#.##..############
...).#######...#)##.........##...
...))......#...#.##.........#....
.....#####.#...#.#......#####....
##.#.# #...#(#......# ##....


You could see Tomstefer's ghost.

Vanquished Creatures
  A centaur (D:3)
  A gnoll (D:2)
  4 adders
  A worm (D:2)
  3 dart slugs
  5 orcs (D:3)
  5 bats
  5 giant cockroaches
  7 goblins
  7 hobgoblins
  4 kobolds
  2 quokkas
  A giant newt (D:1)
  10 rats
56 creatures vanquished.

Notes
Turn   | Place    | Note
--------------------------------------------------------------
     0 | D:1      | Tomstefer the Minotaur Gladiator began the quest for the Orb.
     0 | D:1      | Reached XP level 1. HP: 18/18 MP: 0/0
    72 | D:1      | Reached skill level 4 in Polearms
   143 | D:1      | Found a snail-covered altar of Cheibriados.
   238 | D:1      | Reached XP level 2. HP: 25/25 MP: 1/1
   589 | D:2      | Reached skill level 1 in Armour
   589 | D:2      | Reached XP level 3. HP: 29/31 MP: 2/2
   654 | D:2      | Found a glowing golden altar of the Shining One.
  1133 | D:3      | Reached XP level 4. HP: 38/38 MP: 3/3
  1265 | D:3      | Reached skill level 5 in Polearms
  1644 | D:3      | Noticed a centaur
  1652 | D:3      | Killed a centaur
  1652 | D:3      | Reached XP level 5. HP: 19/46 MP: 4/4
  1890 | D:3      | Noticed Tomstefer's ghost (amateur MiGl)
  2498 | D:3      | Found a stormy altar of Qazlal.
  2594 | D:3      | Slain by Tomstefer's ghost

Vault maps used:
D:1:      dpeg_arrival_subterranean_lakeside_camping, st_stairs_12,
          cheibriados_altar_1
D:2:      lemuel_crystal_altar, kennysheep_generic_room_12
D:3:      lemuel_coloured_pillars_altar

Skill      XL: |  1  2  3  4 |
---------------+-------------+-----
Polearms       | 4 5 |  5.7
Fighting       | 3 4 |  4.1
Armour         | 1 2 |  2.8
Throwing       | |  2.0
Dodging        | |  3.2

Action                   |  1- 3 |  4- 6 || total
-------------------------+-------+-------++-------
Melee: Trident           |    75 |    76 ||   151
 Fire: Blowgun           |       |    12 ||    12
 Stab: Sleeping          |     1 |       ||     1
  Eat: Chunk             |     1 |     3 ||     4
